[Event "Late-Titled-Tuesday-Blitz-September-12-2023"]
[Site "Chess.com"]
[Date "2023.09.12"]
[Round "1"]
[White "seramoral"]
[Black "picturesquecheck"]
[Result "1-0"]
[WhiteElo "2625"]
[BlackElo "2320"]
[TimeControl "180+1"]
[EndTime "14:06:29 PDT"]
[Termination "seramoral won by checkmate"]

1. c4 c6 2. e4 d5 3. exd5 cxd5 4. d4 Nf6 5. Nc3 Nc6 6. Bg5 dxc4 7. Bxc4 e6 8. Nf3 Bb4 9. O-O h6 10. Bxf6 Qxf6 11.
d5 Bxc3 12. dxc6 Bxb2 13. cxb7 Bxb7 14. Qa4+ Kf8 15. Qb4+ Kg8 16. Qxb7 Kh7 17. Rab1 Rhb8 18. Qe4+ g6 19. Rfd1 Bc3 20. h4 Rxb1 21. Rxb1 Rc8 22.
Rb7 Kg8 23. Rxa7 Bb4 24. a4 Qa1+ 25. Kh2 Bd6+ 26. g3 Qb2 27. Qe2 Qb6 28. Rxf7 Kxf7 29. Qxe6+ Kg7 30. Qd7+ Kf6 31. Qf7# 1-0

[Event "Late-Titled-Tuesday-Blitz-September-12-2023"]
[Site "Chess.com"]
[Date "2023.09.12"]
[Round "1"]
[White "Durchbruch03"]
[Black "chessprincesa1"]
[Result "0-1"]
[WhiteElo "2531"]
[BlackElo "2263"]
[TimeControl "180+1"]
[EndTime "14:06:29 PDT"]
[Termination "chessprincesa1 won by checkmate"]

1. e4 c5 2. Nf3 d6 3. d4 cxd4 4. Nxd4 Nf6 5. Nc3 a6 6. h3 e5 7.
Nb3 Be6 8. g4 h6 9. Bg2 Be7 10.
O-O Nbd7 11. f4 exf4 12. Bxf4 Ne5 13. Nd4 Rc8 14. Nf5 Bxf5 15. exf5 Qb6+ 16. Kh1 Qxb2 17.
Nd5 Nxd5 18. Qxd5 O-O 19. Rab1 Qxc2 20. Rxb7 Bf6 21. Qxd6 Nd3 22. Bg3 Rfd8 23. Qxa6 Nc5 24. Qa5 Nxb7 25. Bxb7 Rc3 26. Bf3 Rdd3 27. Qa8+ Kh7 28.
Bh2 Ra3 29. Qb7 Rxa2 30. Bg1 Rd2 31. Qb8 Bd4 32. Bxd4 Rxd4 33. f6 Rd2 34. Qe5 Rh2+ 35. Kg1 Qg2+ 36. Bxg2 Raxg2# 0-1

[Event "Late-Titled-Tuesday-Blitz-September-12-2023"]
[Site "Chess.com"]
[Date "2023.09.12"]
[Round "1"]
[White "ferrufino64"]
[Black "Vaibhavraut99"]
[Result "0-1"]
[WhiteElo "2277"]
[BlackElo "2567"]
[TimeControl "180+1"]
[EndTime "14:06:30 PDT"]
[Termination "Vaibhavraut99 won by resignation"]

1. e4 e5 2. Nf3 Nc6 3. Bb5 a6 4. Ba4 Nf6 5. O-O Nxe4 6. Re1 d5 7. d4 b5 8. Bb3 Be6 9. dxe5 Bc5 10. Be3 Bxe3 11. Rxe3 O-O 12. c3 Nc5 13. Nbd2 f6 14. exf6 Qxf6 15. Bc2 Rae8 16. Qf1 Bf5 17. Bxf5 Qxf5 18.
Rae1 Rxe3 19. Rxe3 h6 20. Nb3 Ne4 21. Qe2 Nd6 22. Qd1 Nc4 23. Re2 Rd8 24. Nc5 a5 25. h3 d4 26. Ne6 d3 27. Re1 d2 28. Re2 Nxb2 29. Qb3 d1=Q+ 30. Qxd1 Rxd1+ 0-1

[Event "Late-Titled-Tuesday-Blitz-September-12-2023"]
[Site "Chess.com"]
[Date "2023.09.12"]
[Round "1"]
[White "Hilary46"]
[Black "rikchessmx"]
[Result "0-1"]
[WhiteElo "2549"]
[BlackElo "2289"]
[TimeControl "180+1"]
[EndTime "14:06:33 PDT"]
[Termination "rikchessmx won by checkmate"]

1. e4 e5 2. Nf3 Nc6 3. Bb5 a6 4. Ba4 Nf6 5. O-O Be7 6. Re1 b5 7. Bb3 O-O 8. c3 d5 9. exd5 Nxd5 10. Nxe5 Nxe5 11. Rxe5 c6 12. d4 Bd6 13. Re1 Qh4 14.
g3 Qh3 15. Qe2 Bg4 16. Qf1 Qh5 17. Nd2 f5 18. f3 Bh3 19. Qf2 Kh8 20. Nf1 f4 21. g4 Qg5 22. Nd2 Rae8 23. Ne4 Rxe4 24. Rxe4 h5 25. Bd1 Ne3 26. Rxe3 fxe3 27. Bxe3 Bf4 28.
Bxf4 Rxf4 29. Qg3 hxg4 30. Be2 c5 31. dxc5 Qxc5+ 32. Kh1 Qe3 33. Re1 Qd2 34. b4 Kg8 35. fxg4 Re4 36. Kg1 Re3 37. Bc4+ bxc4 38. Qxe3 Qg2# 0-1

[Event "Late-Titled-Tuesday-Blitz-September-12-2023"]
[Site "Chess.com"]
[Date "2023.09.12"]
[Round "1"]
[White "AlexanderL"]
[Black "szachmistrz2500"]
[Result "1-0"]
[WhiteElo "2863"]
[BlackElo "2456"]
[TimeControl "180+1"]
[EndTime "14:06:34 PDT"]
[Termination "AlexanderL won by resignation"]

1. Nf3 c5 2. d4 cxd4 3. c3 dxc3 4. Nxc3 Nf6 5. e4 Nc6 6. Bc4 d6 7. e5 Ng4 8. e6 Bxe6 9. Bxe6 fxe6 10. Ng5 Nf6 11.
Nxe6 Qd7 12. Qe2 Nd8 13. Nxd8 Rxd8 14. O-O g6 15. Re1 Bg7 16. Bg5 a6 17. Rad1 b5 18.
Nd5 Nxd5 19. Rxd5 O-O 20. Qe6+ Qxe6 21. Rxe6 Bf6 22. Bxf6 Rxf6 23. Rxe7 Rc8 24. f3 Rc2 25. Rd1 Rf7 26. Rxf7 Kxf7 27. Rxd6 a5 28. Rd7+ Kf6 29. Rxh7 Rxb2 30. a3 Rb3 31. Rb7 Rb2 32. h4 Kf5 33. Kh2 Kf4 34. Rb6 a4 35. Rxg6 b4 36. axb4 a3 37.
Ra6 a2 38. b5 Ke5 39. h5 Kf5 40. h6 Rxb5 41. Rxa2 1-0

[Event "Late-Titled-Tuesday-Blitz-September-12-2023"]
[Site "Chess.com"]
[Date "2023.09.12"]
[Round "1"]
[White "FredyMatsuura"]
[Black "Mikhail_Golubev"]
[Result "1-0"]
[WhiteElo "2319"]
[BlackElo "2594"]
[TimeControl "180+1"]
[EndTime "14:06:34 PDT"]
[Termination "FredyMatsuura won by resignation"]

1. d4 Nf6 2. c4 g6 3. Nc3 Bg7 4. e4 d6 5. Be2 O-O 6. Nf3 e5 7.
d5 Qe8 8. O-O Nh5 9. Re1 a5 10. Bf1 Na6 11. a3 Nc5 12. b3 f5 13.
Be3 fxe4 14. Ng5 Nd3 15. Bxd3 exd3 16. Qxd3 Nf4 17. Qd2 Qd8 18. Nge4 Bf5 19. Rad1 b6 20. b4 axb4 21. axb4 Qd7 22. c5 bxc5 23. bxc5 Bxe4 24. Nxe4 Ra5 25. Qxa5 Qg4 26. Ng3 Nxg2 27. Kxg2 Qf3+ 28. Kg1 1-0

[Event "Late-Titled-Tuesday-Blitz-September-12-2023"]
[Site "Chess.com"]
[Date "2023.09.12"]
[Round "1"]
[White "nitpicker"]
[Black "TERMINATOR_PC"]
[Result "1-0"]
[WhiteElo "2265"]
[BlackElo "2534"]
[TimeControl "180+1"]
[EndTime "14:06:35 PDT"]
[Termination "nitpicker won by resignation"]

1. d4 Nf6 2. c4 e6 3. g3 Bb4+ 4. Bd2 Qe7 5. Nf3 Nc6 6. Bg2 O-O 7. O-O Bxd2 8. Qxd2 d6 9. Nc3 e5 10. Nd5 Nxd5 11. cxd5 Nxd4 12. Nxd4 exd4 13. Rfe1 Bd7 14. Qxd4 c5 15. dxc6 Bxc6 16. Rad1 Bxg2 17. Kxg2 Rfd8 18. e4 b6 19. f4 Rac8 20. Rd2 h6 21. Red1 Re8 22.
Kf3 Qb7 23. Qd5 Qa6 24. a3 Qa4 25. Rd4 Qc2 26. R4d2 Qa4 27. Rd4 Qa6 28. Qxd6 Rc2 29. R4d2 Rxd2 30. Qxd2 Qb7 31. Qd5 Qe7 32. e5 Rf8 33. Qc6 Rd8 34. Rxd8+ Qxd8 35. Qd6 Qa8+ 36. Ke3 Qg2 37. Qd8+ Kh7 38. Qd2 Qg1+ 39. Ke4 Qh1+ 40.
Kd4 Qc6 41. b4 Qf3 42. Qd3+ Qxd3+ 43. Kxd3 Kg8 44. f5 Kf8 45. Ke4 Ke7 46. g4 Kd7 47.
Kd5 Kc7 48. b5 Kd7 49. h4 Kc7 50. e6 f6 51. e7 Kd7 52. e8=Q+ Kxe8 53. Kc6 Kd8 54.
Kb7 Kd7 55. Kxa7 Kc7 56. a4 1-0

[Event "Late-Titled-Tuesday-Blitz-September-12-2023"]
[Site "Chess.com"]
[Date "2023.09.12"]
[Round "1"]
[White "Vadim_Biliy"]
[Black "ArtemDyachuk"]
[Result "0-1"]
[WhiteElo "2224"]
[BlackElo "2540"]
[TimeControl "180+1"]
[EndTime "14:06:35 PDT"]
[Termination "ArtemDyachuk won on time"]

1. d4 d5 2. Nf3 Nf6 3. e3 c5 4. c3 b6 5. Be2 Bb7 6. O-O e6 7. b3 Bd6 8. Bb2 Qc7 9. Nbd2 Nbd7 10. h3 h6 11. Rc1 g5 12. c4 g4 13. hxg4 Rg8 14. g5 hxg5 15. dxc5 bxc5 16. cxd5 g4 17. dxe6 gxf3 18. exd7+ Qxd7 19. Bxf3 Qh3 20. Re1 Rxg2+ 21. Kf1 Ng4 22. Bxg2 Qxg2+ 23. Ke2 O-O-O 24. Rf1 Be7 25. Rxc5+ Bxc5 26. Qc2 Ba6+ 27. Nc4 Nxe3 0-1

[Event "Late-Titled-Tuesday-Blitz-September-12-2023"]
[Site "Chess.com"]
[Date "2023.09.12"]
[Round "1"]
[White "Mops_2004"]
[Black "falzehope0"]
[Result "1-0"]
[WhiteElo "2720"]
[BlackElo "2396"]
[TimeControl "180+1"]
[EndTime "14:06:36 PDT"]
[Termination "Mops_2004 won on time"]

1. g3 d5 2. Nf3 e6 3. Bg2 Bd6 4. O-O f5 5. d3 Nf6 6. c4 c6 7. Nc3 O-O 8. e4 Be7 9. e5 Nfd7 10. h4 Na6 11. Re1 Nc7 12. Rb1 Qe8 13. b4 a6 14. a4 Qg6 15. Bf4 h6 16. c5 Kh8 17. Qd2 Rg8 18. d4 Qh5 19. b5 axb5 20.
axb5 g5 21. hxg5 hxg5 22. Be3 f4 23. gxf4 gxf4 24. Bxf4 Qxf3 25. Bg3 Qh5 26. Bf3 Qh7 27. Kg2 Bg5 28. Qe2 Kg7 29. Rh1 Qf5 30. Ne4 Bf4 31. Nd6 Qg5 32. Rh5 Qg6 33. Rbh1 Kf8 34. R1h3 Nxb5 35. R5h4 Bxg3 36. Rxg3 Qb1 37. Rf4+ Ke7 38. Rxg8 Nxe5 39. Qxe5 1-0

[Event "Late-Titled-Tuesday-Blitz-September-12-2023"]
[Site "Chess.com"]
[Date "2023.09.12"]
[Round "1"]
[White "FeketeBarika"]
[Black "Athanasios2"]
[Result "0-1"]
[WhiteElo "2386"]
[BlackElo "2715"]
[TimeControl "180+1"]
[EndTime "14:06:36 PDT"]
[Termination "Athanasios2 won by resignation"]

1. Nf3 d5 2. g3 Nf6 3. Bg2 c5 4. c4 d4 5. e3 Nc6 6. exd4 cxd4 7. d3 e5 8. O-O Bd6 9. Re1 O-O 10. a3 a5 11. b3 h6 12. h3 Re8 13. Nbd2 Bf5 14. Qc2 Rc8 15. Bb2 Qb6 16. Rac1 Nd7 17. Nh4 Bh7 18. Ne4 Be7 19. c5 Qc7 20. Qc4 Bxh4 21. gxh4 Re6 22. b4 axb4 23. axb4 Bxe4 24. Bxe4 Ne7 25. Kh1 Nf6 26. Bf3 Nf5 27. h5 Nh4 28. Be4 Nxe4 29. Rxe4 Qe7 30. Rg1 Nf3 31. Rg3 Nd2 32.
Qc2 Nxe4 33. dxe4 b6 34. Qd2 bxc5 35. bxc5 Qxc5 36. Kh2 Qc2 37. Qb4 Qxf2+ 38. Rg2 Qf4+ 39. Kh1 Qxe4 0-1

[Event "Late-Titled-Tuesday-Blitz-September-12-2023"]
[Site "Chess.com"]
[Date "2023.09.12"]
[Round "1"]
[White "Zkid"]
[Black "Schattman"]
[Result "1-0"]
[WhiteElo "2909"]
[BlackElo "2463"]
[TimeControl "180+1"]
[EndTime "14:06:37 PDT"]
[Termination "Zkid won on time"]

1. e4 c5 2. Nf3 e6 3. d4 cxd4 4.
Nxd4 Nf6 5. Nc3 Nc6 6. Ndb5 Bb4 7.
a3 Bxc3+ 8. Nxc3 d5 9. exd5 exd5 10. Bd3 O-O 11. O-O Bg4 12. f3 Bh5 13. Bg5 Qb6+ 14. Kh1 Ne4 15. Nxe4 dxe4 16. Bxe4 Qxb2 17. Qd6 Bg6 18.
Rab1 Qc3 19. Bd5 Qe5 20. Qxe5 Nxe5 21. Rxb7 Rac8 22. f4 Nc4 23. f5 Bh5 24. Rxa7 h6 25.
Bc1 Rfd8 26. Be4 Nd2 27. Bxd2 Rxd2 28. h3 Re8 29. Ra4 Be2 30. Rf2 Rd1+ 31. Kh2 Bb5 32. Rb4 Bd7 33. f6 gxf6 34. Rxf6 Kg7 35. Rf3 Re1 36. Bd3 Bc6 37. Rg3+ Kf6 38. Rf4+ Ke7 39. Bc4 Rf8 40. Rg7 Kd6 41. Bxf7 1-0

[Event "Late-Titled-Tuesday-Blitz-September-12-2023"]
[Site "Chess.com"]
[Date "2023.09.12"]
[Round "1"]
[White "Veleamater"]
[Black "ahkashefi2800"]
[Result "0-1"]
[WhiteElo "2301"]
[BlackElo "2604"]
[TimeControl "180+1"]
[EndTime "14:06:37 PDT"]
[Termination "ahkashefi2800 won by resignation"]

1. g3 d5 2. Bg2 Nf6 3. d3 c6 4. h3 Bf5 5. Nf3 e6 6. O-O Nbd7 7. Nc3 Bc5 8. Bf4 O-O 9. Ne5 Nxe5 10. Bxe5 Nd7 11.
Bf4 e5 12. Bd2 Re8 13. e4 dxe4 14. dxe4 Bg6 15. Kh2 Nf8 16. Qc1 Ne6 17. f4 exf4 18. gxf4 Qc7 19. Kh1 f5 20. e5 Rad8 21. a3 Qe7 22.
Be3 Qh4 23. Kh2 Rd7 24. Bxc5 Nxc5 25. Qe3 Ne6 26. Rf2 a6 27. Rg1 Red8 28. Bf1 Rd4 29.
Ne2 Re4 30. Qg3 Qxg3+ 31. Nxg3 Rxf4 32. Rxf4 Nxf4 33. Bc4+ Kf8 34. Rf1 Rd2+ 35. Kh1 Nxh3 36. Nxf5 Nf2+ 37. Kg1 Bxf5 38. Rxf2 Rxf2 39. Kxf2 Bxc2 40.
Be6 a5 41. Bc8 b6 42. Ke3 Ke7 43. Kf4 h6 44. Bg4 g5+ 45. Ke3 Bg6 46. Kd4 h5 47. Bc8 h4 48. Bg4 Be8 49. e6 Bg6 50. Ke5 Bd3 51. b4 c5 52. bxc5 bxc5 53. Kd5 c4 54.
Kd4 Bf1 55. Bf5 h3 0-1

[Event "Late-Titled-Tuesday-Blitz-September-12-2023"]
[Site "Chess.com"]
[Date "2023.09.12"]
[Round "1"]
[White "JackRodgers"]
[Black "AlexNovitz"]
[Result "1-0"]
[WhiteElo "2530"]
[BlackElo "2180"]
[TimeControl "180+1"]
[EndTime "14:06:37 PDT"]
[Termination "JackRodgers won by checkmate"]

1. d4 Nf6 2. Bg5 Ne4 3. h4 h6 4. Bf4 d5 5. Nd2 Bf5 6. Nxe4 Bxe4 7. f3 Bh7 8. e3 e6 9. Bd3 Bxd3 10. Qxd3 c6 11.
O-O-O Bd6 12. Ne2 Bxf4 13. Nxf4 Nd7 14. e4 Qa5 15. Kb1 O-O-O 16. e5 g5 17. hxg5 hxg5 18. Ne2 c5 19. Rh7 Rdf8 20. c3 cxd4 21. cxd4 Nb6 22.
Rc1+ Kb8 23. b3 Rxh7 24. Qxh7 Qd2 25. Rc2 Qd1+ 26. Kb2 Rc8 27. Rxc8+ Nxc8 28. Qc2 Qf1 29. Nc1 Ne7 30. Qe2 Qg1 31. Qd2 Nc6 32. Qxg5 Qxd4+ 33. Kb1 Nxe5 34. Qd8# 1-0

[Event "Late-Titled-Tuesday-Blitz-September-12-2023"]
[Site "Chess.com"]
[Date "2023.09.12"]
[Round "1"]
[White "FairChess_on_YouTube"]
[Black "jup1978"]
[Result "1-0"]
[WhiteElo "3056"]
[BlackElo "2498"]
[TimeControl "180+1"]
[EndTime "14:06:39 PDT"]
[Termination "FairChess_on_YouTube won on time"]

1. Nf3 d5 2. e3 Nf6 3. c4 c6 4.
Nc3 a6 5. d4 e6 6. Qc2 c5 7. cxd5 cxd4 8. Nxd4 Nxd5 9. Nxd5 exd5 10. Bd3 Bb4+ 11. Bd2 Bxd2+ 12. Qxd2 Nc6 13. Nxc6 bxc6 14.
O-O h6 15. Qc3 Qf6 16. Qxf6 gxf6 17. Rac1 Bd7 18. e4 Rb8 19. exd5 cxd5 20. b3 Ke7 21. Rc7 Kd6 22. Ra7 Ra8 23. Rb7 Rhb8 24. Rxb8 Rxb8 25. Rc1 a5 26. Kf1 Rc8 27. Rxc8 Bxc8 28. Ke2 Kc5 29. Kd2 Kb4 30. Bb1 Ka3 31. Kc3 Be6 32.
f4 f5 33. h4 d4+ 34. Kxd4 Kb2 35. Bd3 Kxa2 36. Bc4 Kb2 37. h5 Ka3 38. Kc5 Bxc4 39. Kxc4 Kb2 40. b4 a4 41. b5 a3 42. b6 a2 43. b7 a1=Q 44. b8=Q+ Kc2 45. Qb3+ Kd2 46. Qd3+ Ke1 47. Qxf5 Qa2+ 48. Kb5 Qxg2 49. Qxf7 Qb2+ 50. Kc6 Qc3+ 51. Kd7 Qd4+ 52. Ke8 Qa4+ 53. Kf8 Qa5 54. Kg7 1-0

[Event "Late-Titled-Tuesday-Blitz-September-12-2023"]
[Site "Chess.com"]
[Date "2023.09.12"]
[Round "1"]
[White "jk13"]
[Black "jaldjald"]
[Result "1-0"]
[WhiteElo "2676"]
[BlackElo "2359"]
[TimeControl "180+1"]
[EndTime "14:06:39 PDT"]
[Termination "jk13 won on time"]

1. e4 c5 2. c3 d5 3. exd5 Qxd5 4. d4 g6 5. Nf3 Bg7 6. Na3 cxd4 7. Nb5 Na6 8.
Nbxd4 Nf6 9. Bb5+ Bd7 10. Qe2 Bxb5 11. Nxb5 O-O 12. O-O Rfc8 13. Rd1 Qe4 14. Qxe4 Nxe4 15.
Be3 Nac5 16. a4 a6 17. Nbd4 e5 18. Nc2 f5 19. Nb4 f4 20. Bxc5 Nxc5 21. Nd5 Rd8 22. Nb6 Rab8 23. b4 Nd3 24. Ng5 Rd6 25. a5 Rbd8 26.
Ne4 Rc6 27. Kf1 Kf7 28. Ra2 Nxb4 29. Rad2 Rxd2 30. Rxd2 f3 31. gxf3 Bh6 32. Rd7+ Ke6 33. Rxh7 1-0

[Event "Late-Titled-Tuesday-Blitz-September-12-2023"]
[Site "Chess.com"]
[Date "2023.09.12"]
[Round "1"]
[White "BillieKimbah"]
[Black "Langua_Chess"]
[Result "1-0"]
[WhiteElo "3035"]
[BlackElo "2490"]
[TimeControl "180+1"]
[EndTime "14:06:40 PDT"]
[Termination "BillieKimbah won on time"]

1. d4 d5 2. Nf3 Nf6 3. Bg5 Nbd7 4. e3 h6 5. Bh4 c5 6. Nbd2 e6 7. c3 Be7 8. Bd3 Qb6 9. Rb1 O-O 10. Ne5 Qc7 11. f4 Re8 12. O-O Ne4 13. Bxe7 Nxd2 14. Qxd2 Rxe7 15. b4 cxd4 16. cxd4 Nxe5 17. fxe5 Bd7 18.
Rbc1 Qb6 19. Rc5 a6 20. Bb1 Bb5 21. Qc2 g6 22. Rf6 Bc4 23. a3 a5 24. b5 a4 25.
h4 Qa5 26. Kf2 h5 27. g4 Bb3 28. Qc1 hxg4 29. h5 Kg7 30. hxg6 Rh8 31. gxf7 Rxf7 32. Rxf7+ Kxf7 33. Rc7+ Ke8 34. Rc8+ Kf7 35. Rxh8 1-0

[Event "Late-Titled-Tuesday-Blitz-September-12-2023"]
[Site "Chess.com"]
[Date "2023.09.12"]
[Round "1"]
[White "Casper"]
[Black "moro182"]
[Result "1-0"]
[WhiteElo "2471"]
[BlackElo "2843"]
[TimeControl "180+1"]
[EndTime "14:06:40 PDT"]
[Termination "Casper won by checkmate"]

1. e4 g6 2. d4 Bg7 3. Nf3 d6 4. Be2 Nf6 5. O-O O-O 6. Nc3 a6 7.
a4 Nc6 8. h3 e5 9. Be3 exd4 10.
Nxd4 Bd7 11. Bc4 Re8 12. Re1 Ne5 13. Bb3 c5 14. Nf3 Bc6 15. Nxe5 Rxe5 16. Bf4 Rxe4 17. Nxe4 Nxe4 18. Bd5 Nxf2 19. Qf3 Bxd5 20. Qxd5 Bd4 21. Be3 Qh4 22. Bxd4 cxd4 23. Rf1 Nxh3+ 24. gxh3 Rf8 25. Rf3 d3 26. cxd3 Qe7 27. Raf1 h5 28. Kg2 Kg7 29.
Qd4+ f6 30. Re3 Qd7 31. Rfe1 Rf7 32. Qd5 Qc7 33. Qc4 Qd7 34. Re6 d5 35. Qc5 b6 36.
Qd6 Qxa4 37. Re7 Rxe7 38. Rxe7+ Kh6 39. Qf4+ g5 40. Qxf6# 1-0

[Event "Late-Titled-Tuesday-Blitz-September-12-2023"]
[Site "Chess.com"]
[Date "2023.09.12"]
[Round "1"]
[White "NovakCabarkapa"]
[Black "19912131712118"]
[Result "1-0"]
[WhiteElo "2825"]
[BlackElo "2437"]
[TimeControl "180+1"]
[EndTime "14:06:41 PDT"]
[Termination "NovakCabarkapa won by resignation"]

1. d4 d5 2. Nc3 Nf6 3. Bf4 Bf5 4. e3 e6 5. Nf3 h6 6. Bd3 Ne4 7. O-O Be7 8. Bxe4 Bxe4 9. Nxe4 dxe4 10. Nd2 f5 11. f3 exf3 12. Qxf3 Nc6 13. c4 O-O 14. d5 exd5 15. Rad1 dxc4 16. Nxc4 Qc8 17. e4 fxe4 18.
Qxe4 Bf6 19. Kh1 Qg4 20. Qd5+ Kh8 21. Bxc7 Rae8 22. Nd6 Re2 23. h3 Qg6 24. Rd2 Rxd2 25. Qxd2 Kh7 26. Nc4 Bg5 27. Qe2 Rxf1+ 28. Qxf1 Bf6 29.
Bh2 Nd4 30. b3 Qe4 31. Nd6 Qd5 32. Qd1 b6 33. Nc4 Qe4 34. Nd6 Qd5 35. Qd3+ Kg8 36. Ne4 Be5 37. Nc3 Qd6 38. Qc4+ Kh8 39. Ne4 Qe7 40.
Qd5 Bxh2 41. Qxd4 Be5 42. Qd5 Kh7 43. a4 Bc7 44. Qf5+ g6 45. Qd5 Qe5 46. Qf7+ Kh8 47. Qf8+ Kh7 48. Nf6+ Qxf6 49. Qxf6 1-0

[Event "Late-Titled-Tuesday-Blitz-September-12-2023"]
[Site "Chess.com"]
[Date "2023.09.12"]
[Round "1"]
[White "GAO"]
[Black "RichardLeyvaP"]
[Result "1-0"]
[WhiteElo "2338"]
[BlackElo "2612"]
[TimeControl "180+1"]
[EndTime "14:06:41 PDT"]
[Termination "GAO won by resignation"]

1. d4 Nf6 2. Nf3 g6 3. Nbd2 Bg7 4. e4 d6 5. Bd3 O-O 6. Qe2 c5 7. c3 cxd4 8. cxd4 Nc6 9. h3 Nb4 10. Nb1 d5 11. e5 Nxd3+ 12. Qxd3 Bf5 13. Qe2 Ne4 14.
Nbd2 Rc8 15. O-O Rc2 16. Qd1 Nxd2 17. Nxd2 Qb6 18. Nb3 Rc7 19. Bg5 h6 20. Be3 Rfc8 21. Rc1 Rxc1 22. Bxc1 Bc2 23. Qf3 Bxb3 24. Qxb3 Qxd4 25.
Qxb7 Rc2 26. e6 Bf6 27. Qb8+ Kg7 28. Bxh6+ Kxh6 29. exf7 Bg7 30. f8=Q Bxf8 31. Qxf8+ Qg7 32. Qf4+ Kh7 33. Qh4+ Kg8 34. Re1 Kf7 35. Rxe7+ 1-0

[Event "Late-Titled-Tuesday-Blitz-September-12-2023"]
[Site "Chess.com"]
[Date "2023.09.12"]
[Round "1"]
[White "schack_vit"]
[Black "vugarrasulov"]
[Result "0-1"]
[WhiteElo "2473"]
[BlackElo "2952"]
[TimeControl "180+1"]
[EndTime "14:06:43 PDT"]
[Termination "vugarrasulov won by resignation"]

1. c4 Nf6 2. g3 e6 3. Bg2 d5 4. d4 Bb4+ 5. Bd2 a5 6. Nf3 O-O 7. O-O dxc4 8. Qc2 Bxd2 9. Nbxd2 b5 10. a4 c6 11. Rfd1 Bb7 12. b3 cxb3 13. Qxb3 b4 14. Ne5 Nbd7 15. Nd3 Rc8 16. Rac1 Ba8 17. Nc4 Nd5 18. Nd6 Rc7 19. Ne4 Qe7 20. Rd2 Rd8 21.
e3 h6 22. Nec5 Nxc5 23. Rxc5 Ra7 24. Rdc2 Nc3 25. h4 Bb7 26. Ne5 Raa8 27. Bxc6 Rdc8 28.
Qc4 Ba6 29. Bb5 Rxc5 30. dxc5 Bc8 31. c6 Qd6 32. Qd4 Qxd4 33. exd4 Nxb5 34. axb5 b3 35. Rb2 a4 36. b6 Rb8 37. b7 Bxb7 38. Nd7 Bxc6 39.
Nxb8 Bd5 40. Na6 a3 41. Rb1 a2 42. Ra1 b2 0-1

[Event "Late-Titled-Tuesday-Blitz-September-12-2023"]
[Site "Chess.com"]
[Date "2023.09.12"]
[Round "1"]
[White "platy3"]
[Black "jlf287"]
[Result "1-0"]
[WhiteElo "2897"]
[BlackElo "2460"]
[TimeControl "180+1"]
[EndTime "14:06:43 PDT"]
[Termination "platy3 won on time"]

1. e4 e5 2. Nf3 Nc6 3. Bb5 a6 4. Ba4 Nf6 5. d3 b5 6. Bb3 Be7 7. Nc3 d6 8. a3 O-O 9. O-O Na5 10.
Ba2 Be6 11. b4 Bxa2 12. Rxa2 Nc6 13. Bg5 Nd7 14. Bd2 Nf6 15. Re1 Re8 16. Qb1 Bf8 17. Qb3 h6 18. a4 Rb8 19. axb5 axb5 20. Nd5 Nxd5 21. Qxd5 Qd7 22. Ra6 Ne7 23. Nxe5 Nxd5 24. Nxd7 Rbd8 25. Nxf8 Nb6 26. Be3 Na4 27. c4 Kxf8 28. cxb5 Nc3 29. b6 cxb6 30. Rxb6 Rb8 31. Rxd6 Kg8 32. Bc5 Na4 33. d4 Nb2 34. f3 f5 35. e5 Nd3 36. Rd1 Nxb4 37. e6 Nc2 38. d5 Rbc8 39. Rc6 Rxc6 40. dxc6 1-0

[Event "Late-Titled-Tuesday-Blitz-September-12-2023"]
[Site "Chess.com"]
[Date "2023.09.12"]
[Round "1"]
[White "GMKrikor"]
[Black "RIPOL"]
[Result "1-0"]
[WhiteElo "2879"]
[BlackElo "2460"]
[TimeControl "180+1"]
[EndTime "14:06:48 PDT"]
[Termination "GMKrikor won on time"]

1. Nf3 d5 2. c4 d4 3. b4 Bg4 4. g3 c6 5. Bg2 g6 6. O-O Bg7 7. d3 e5 8. a4 Ne7 9. Ba3 O-O 10. Nbd2 Re8 11. b5 Nd7 12. Ne4 Nc8 13. h3 Bxf3 14.
exf3 Qc7 15. Re1 c5 16. a5 Rb8 17. f4 exf4 18. Bc1 Be5 19. Qf3 Kg7 20. gxf4 Bf6 21.
f5 Be5 22. Bg5 f6 23. Bd2 Nd6 24. h4 Nxe4 25. Rxe4 Re7 26. fxg6 hxg6 27. h5 g5 28. Qf5 Nf8 29. b6 axb6 30. axb6 Qd7 31. Qf3 Ne6 32. Bh3 Qd6 33. Rae1 Nf4 34. Bxf4 gxf4 35. Kh1 Kh6 36. Rxf4 Bxf4 37. Rxe7 Qxe7 38. Qxf4+ Kxh5 39. Qxb8 Qe1+ 40. Kg2 1-0

[Event "Late-Titled-Tuesday-Blitz-September-12-2023"]
[Site "Chess.com"]
[Date "2023.09.12"]
[Round "1"]
[White "ChristopherYoo"]
[Black "WindWhistler11"]
[Result "1-0"]
[WhiteElo "3009"]
[BlackElo "2486"]
[TimeControl "180+1"]
[EndTime "14:06:49 PDT"]
[Termination "ChristopherYoo won by resignation"]

1. Nc3 e6 2. e4 d5 3. d4 Bb4 4. e5 Ne7 5. Bd2 Nf5 6. Bd3 Nc6 7. Nf3 h5 8. Ne2 Nh4 9. Nxh4 Qxh4 10. c3 Bf8 11.
O-O Qd8 12. Qc2 Ne7 13. Bg5 Qd7 14. Ng3 h4 15. Ne2 Nf5 16. Nf4 Be7 17. Bxe7 Nxe7 18. Qe2 g6 19. Rad1 Nf5 20. Bxf5 gxf5 21. c4 b6 22. cxd5 Bb7 23. dxe6 fxe6 24. Qc4 O-O 25. Qxe6+ Qxe6 26. Nxe6 Rf7 27. Nf4 Rg7 28. d5 Rg4 29.
g3 Kh7 30. f3 Rg7 31. Kf2 Rag8 32. Nh5 1-0

[Event "Late-Titled-Tuesday-Blitz-September-12-2023"]
[Site "Chess.com"]
[Date "2023.09.12"]
[Round "1"]
[White "RCone"]
[Black "Tiqr777"]
[Result "0-1"]
[WhiteElo "2340"]
[BlackElo "2642"]
[TimeControl "180+1"]
[EndTime "14:06:50 PDT"]
[Termination "Tiqr777 won on time"]

1. e4 c6 2. d4 d5 3. e5 Bf5 4. h4 h5 5. Bg5 Qb6 6. Bd3 Bxd3 7.
Qxd3 e6 8. Nd2 Nd7 9. Ne2 Ne7 10. c4 Nf5 11. O-O f6 12. exf6 gxf6 13. cxd5 cxd5 14. Be3 Nxh4 15. Ng3 Bd6 16. Nb3 Kf7 17. Ne2 Rag8 18. g3 Nf5 19. Bf4 h4 20. Kg2 Rg4 21. f3 Rxf4 22. gxf4 h3+ 23. Kh1 Nf8 24. Rg1 Ng6 25. Rg4 Qc7 26. Rag1 Nge7 27. Rc1 Qd7 28. Nc5 Bxc5 29.
Rxc5 b6 30. Qb5 Qxb5 31. Rxb5 Rc8 32. Rg1 Rc2 33. Re1 Rxe2 34. Rxe2 Ng3+ 35. Kh2 Nxe2 36.
Kxh3 Nxd4 37. Kg4 Nxb5 38. a4 Nd6 39. b4 d4 40. a5 d3 41. axb6 axb6 42. f5 e5 43. f4 e4 44. b5 d2 0-1

[Event "Late-Titled-Tuesday-Blitz-September-12-2023"]
[Site "Chess.com"]
[Date "2023.09.12"]
[Round "1"]
[White "canary2016"]
[Black "Djager97"]
[Result "0-1"]
[WhiteElo "2080"]
[BlackElo "2523"]
[TimeControl "180+1"]
[EndTime "14:06:52 PDT"]
[Termination "Djager97 won on time"]

1. e4 e5 2. Nf3 Nc6 3. d4 exd4 4. Bc4 Bc5 5. Ng5 Nh6 6. Nxf7 Nxf7 7. Bxf7+ Kxf7 8.
Qh5+ g6 9. Qxc5 d6 10. Qc4+ Be6 11. Qe2 Kg7 12. h4 h5 13. Bg5 Qd7 14. Nd2 d5 15.
O-O-O Rae8 16. Qb5 a6 17. Qd3 Rhf8 18. Rhe1 Rxf2 19.
Qg3 Rff8 20. Nf3 dxe4 21. Rxe4 Bf5 22. Rxe8 Rxe8 23. Qf2 d3 24. cxd3 Nb4 25. Ne1 Nxa2+ 26. Kb1 Nb4 27. Qd2 Qa4 28. Qc3+ Kg8 29. Qc4+ Be6 30.
Qxc7 Qxd1+ 0-1

[Event "Late-Titled-Tuesday-Blitz-September-12-2023"]
[Site "Chess.com"]
[Date "2023.09.12"]
[Round "1"]
[White "adiosabu"]
[Black "UgarteCesar"]
[Result "1-0"]
[WhiteElo "2575"]
[BlackElo "2281"]
[TimeControl "180+1"]
[EndTime "14:06:56 PDT"]
[Termination "adiosabu won by resignation"]

1. d4 d5 2. Nf3 Nf6 3. e3 Bg4 4.
Bd3 Nbd7 5. h3 Bxf3 6. gxf3 e6 7. c4 c5 8. cxd5 Nxd5 9. Nc3 cxd4 10. Nxd5 exd5 11.
exd4 Bb4+ 12. Kf1 O-O 13. h4 Qf6 14. Bg5 Qd6 15. Rg1 Kh8 16. Rg3 Rfe8 17. Qb3 Ba5 18. Kg2 Bb6 19. Rd1 f6 20. Be3 Nf8 21. Bb1 Rad8 22. Qd3 Re7 23. Kh1 Rde8 24. Rdg1 Bc7 25. f4 Qe6 26. h5 Qf7 27. Qf5 g5 28. hxg6 hxg6 29. Rxg6 Nxg6 30. Rxg6 Qh7+ 31. Kg2 Rg7 32. Qxf6 Rg8 33. Bd3 Qxg6+ 34. Bxg6 Bd8 35. Qe5 Bc7 36.
Qh5+ 1-0